 Dungeon Crawl Stone Soup version 0.28.0-47-ge53b351184 (webtiles) character file.

Game seed: 14536786661713957851

544 101zpm the Magician (level 7, -15/45 HPs)
             Began as a Djinni Fire Elementalist on Apr 30, 2022.
             Demolished by an ice beast (21 damage)
             ... on level 5 of the Dungeon.
             The game lasted 00:11:01 (4547 turns).

101zpm the Magician (Djinni Fire Elementalist)      Turns: 4547, Time: 00:11:02

Health: -15/45     AC:  5    Str:  7    XL:     7   Next: 52%
Gold:   61         EV: 13    Int: 18    God:
                   SH:  0    Dex: 14

rFire   + + +      SeeInvis .   c - +2 club (spect)
rCold   x . .      Faith    .   (no shield)
rNeg    . . .      Spirit   .   d - +2 robe
rPois   ∞          Reflect  .   (no helmet)
rElec   .          Harm     .   (no cloak)
rCorr   .          Rampage  .   f - +0 pair of gloves
Will    .....                   (boots unavailable)
Stlth   ++........              (no amulet)
HPRegen 0.15/turn               j - ring of protection from fire
MPRegen 0.00/turn               (no ring)

@: flying
A: sickness immunity, fire resistance 2, cold vulnerability 1, float, innate
caster, HP casting, extra vitality 1
a: no special abilities


You were on level 5 of the Dungeon.
You visited 1 branch of the dungeon, and saw 6 of its levels.

You collected 61 gold pieces.

Inventory:

Hand Weapons
 c - a +2 spectral club (weapon)
Armour
 d - a +2 robe (worn)
 f - a +0 pair of gloves (worn)
Jewellery
 j - a ring of protection from fire (left hand)
Scrolls
 b - a scroll of fear {unknown}
 e - a scroll of enchant armour {unknown}
 g - 2 scrolls of magic mapping {unknown}
 h - 2 scrolls of teleportation {unknown}
 i - a scroll of enchant weapon {unknown}
 k - a scroll of blinking {unknown}
Potions
 a - a potion of lignification {unknown}
 l - a potion of heal wounds {unknown}
 m - a potion of flight {unknown}


   Skills:
 + Level 0.1 Fighting
 + Level 3.0 Dodging
 + Level 2.6 Stealth
 + Level 5.8 Spellcasting


You couldn't memorise any spells.
You knew the following spells:

 Your Spells              Type           Power      Damage    Failure   Level
a - Foxfire               Conj/Fire      100%       2x1d9     1%          1
b - Scorch                Fire           52%        2d8       1%          2
c - Conjure Flame         Conj/Fire      26%        6-21      3%          3
d - Inner Flame           Hex/Fire       26%        N/A       3%          3
e - Flame Wave            Conj/Fire      26%        2d7       11%         4
f - Slow                  Hex            100%       N/A       1%          1
g - Blink                 Tloc           52%        N/A       1%          2
h - Poisonous Vapours     Pois/Air       52%        N/A       1%          2
Your spell library was empty.

Dungeon Overview and Level Annotations

Branches:
Dungeon (6/15)
 Temple: D:4-7

Altars:

Annotations:
D:2 1 runed translucent door, Crazy Yiuf
D:4 Eustachio


Innate Abilities, Weirdness & Mutations

You are immune to sickness and miasma.
You are immune to poison.
Your flesh is very heat resistant. (rF++)
You are vulnerable to cold. (rC-)
You float through the air rather than walking.
You learn spells naturally, not from books.
Your magical power is your life essence.
You have superior vitality. (+4 MHP)


Message History

The foxfire hits the sky beast.
Flame seeps out of the sky beast.
The sky beast is moderately wounded.
The sky beast is engulfed in blazing flames.
Flame seeps out of the sky beast.
The sky beast closely misses you.
You conjure some foxfire!
The sky beast is engulfed in blazing flames.
The sky beast explodes!
The fiery explosion engulfs the jackal!!!
You kill the jackal!
The fiery explosion engulfs you! You resist.
The fiery explosion engulfs your foxfire.
Your foxfire completely resists.
Your Dodging skill increases to level 3!
You conjure some foxfire!
Your foxfire dissipates! x3
Your foxfire dissipates!
An ice beast comes into view.
Casting: Foxfire (safe; 1% risk of failure)
Confirm with . or Enter, or press ? or * to list all spells.
Aiming: Inner Flame (dangerous; 3% risk of failure)
Press: ? - help, Dir - move target, f - ice beast
Aim: an ice beast (wandering, hasn't noticed you, chance to affect: 81%)
The ice beast barely resists.
Casting: Inner Flame (dangerous; 3% risk of failure)
Confirm with . or Enter, or press ? or * to list all spells.
Aiming: Inner Flame (dangerous; 3% risk of failure)
Press: ? - help, Dir - move target, f/p - ice beast
Aim: an ice beast (chance to affect: 81%)
The ice beast is filled with an inner flame.
The ice beast hits you. The ice beast freezes you!
You feel a terrible chill!
* * * LOW HITPOINT WARNING * * *
You are too injured to fight recklessly!
Casting: Foxfire (safe; 1% risk of failure)
Press: ? - help, Q - select action, (/) - cycle Dir - look around, f - activate You conjure some foxfire!
* * * LOW HITPOINT WARNING * * *
The ice beast hits you.
* * * LOW HITPOINT WARNING * * *
The ice beast freezes you!!
You feel a terrible chill!
You die...

##.##.#..#..#..###.#####.#
.. #.##.####+###.# #.# #.
#.....#.....#.# #.# #.
#.#####..≈..#.# #.# #.
#.###.+.≈#≈.+.# #.#
###.##.....#..≈..### #..
#.....###### .†. ###
#.#.#.# ##'## #...# #v@.#
##..#######v.Y##.##
#.##..#...............
#.................#...
#.##.#................ #
#.#.######...##.## #.#.#
#...# ... #.#.# #..(# ###
....# #...#


You could see an ice beast (inner flame, ally target).

Vanquished Creatures
  A sky beast (D:5)
  A phantom (D:4)
  2 hounds (D:3)
  2 centaur zombies
  A jelly (D:3)
  Jessica (D:3)
  An iguana (D:5)
  A hound skeleton (D:4)
  5 gnolls
  7 adders
  A dart slug (D:3)
  7 orcs
  A bat (D:2)
  2 endoplasms
  2 giant cockroaches (D:2)
  2 goblins
  4 hobgoblins
  A jackal (D:5)
  2 kobolds
  2 quokkas
  6 ball pythons
  A rat (D:3)
53 creatures vanquished.

Vanquished Creatures (others)
  367 foxfires
367 creatures vanquished.

Grand Total: 420 creatures vanquished

Notes
Turn   | Place    | Note
-------+----------+-------------------------------------------
     0 | D:1      | 101zpm the Djinni Fire Elementalist began the quest for the
                  | Orb.
     0 | D:1      | Reached XP level 1. HP: 15/15 MP: 0/0
   320 | D:2      | Reached XP level 2. HP: 16/21 MP: 0/0
   647 | D:3      | Reached skill level 3 in Spellcasting
   961 | D:3      | Reached XP level 3. HP: 23/25 MP: 0/0
   961 | D:3      | Learned a level 1 spell: Slow
  1076 | D:3      | Noticed Jessica
  1078 | D:3      | Killed Jessica
  1079 | D:3      | Reached XP level 4. HP: 20/31 MP: 0/0
  1133 | D:3      | Reached XP level 5. HP: 13/35 MP: 0/0
  1133 | D:3      | Learned a level 2 spell: Blink
  1275 | D:3      | Reached skill level 4 in Spellcasting
  2472 | D:2      | Reached XP level 6. HP: 25/40 MP: 0/0
  3184 | D:2      | Found a runed translucent door.
  3193 | D:2      | Noticed Crazy Yiuf
  3788 | D:4      | Reached skill level 5 in Spellcasting
  3796 | D:4      | Noticed Eustachio
  4058 | D:3      | Reached XP level 7. HP: 39/45 MP: 0/0
  4058 | D:3      | Learned a level 2 spell: Poisonous Vapours
  4099 | D:3      | You are sucked into a shaft and drop 3 floors!
  4126 | D:5      | Entered Level 5 of the Dungeon
  4547 | D:5      | Demolished by an ice beast

Illustrated notes

Levels and vault maps discovered:
D:1:      shiori_arrival_oz, layout_loops_cross, ebering_ecumenical_altar_webs,
          minmay_misc_feat_doors, skrybe_limestone_x
D:2:      minmay_wonky_spiral, layout_basic, uniq_crazy_yiuf_cottage
D:3:      layout_loops_cross, uniq_jessica
D:4:      layout_basic, nrook_mini_backslash, uniq_pikel, uniq_eustachio
D:5:      layout_loops_cross, minmay_temple_entry_hall,
          kennysheep_generic_room_13
D:6:      layout_basic, serial_shops, shop, item_on_display_a

Skill      XL: |  1  2  3  4  5  6  7 |
---------------+----------------------+-----
Spellcasting   | 3 4 5 |  5.8
Stealth        | 2 |  2.6
Dodging        | 3 |  3.0
Fighting       | |  0.1

Action                   |  1- 3 |  4- 6 |  7- 9 || total
-------------------------+-------+-------+-------++-------
Melee: Club              |       |     4 |       ||     4
 Cast: Foxfire           |    67 |   122 |    28 ||   217
       Inner Flame       |       |     8 |     7 ||    15
       Scorch            |       |     9 |       ||     9
       Blink             |       |     2 |       ||     2
Armor: Robe              |       |    12 |     1 ||    13
Dodge: Dodged            |       |    14 |     4 ||    18
